Map: Tritón EE

Players

Erik

  • Race: Zerg Zerg
  • League: Grandmaster
  • Spawn Location: 5:00

Special - Winner!

  • Race: Terran Terran
  • League: Master
  • Spawn Location: 11:00

VOD

Have the link to the VOD?

Description

Time

  • Played on: Jan. 13, 2020, 3:52 p.m.
  • Length: 9:56
Show
View Real Time Build Order
Export as new Build Order

Erik Zerg 

Build Orders: Hatch First 

Get SALT Encoding   

  12  0:01  Drone  
  13  0:12  Overlord  
  13  0:17  Drone  
  14  0:31  Drone x2  
  16  0:48  Hatchery  
  15  0:51  Drone  
  15  0:54  Drone  
  17  0:57  Drone  
  18  1:08  Extractor  
  17  1:13  Spawning Pool  
  17  1:16  Drone  
  17  1:19  Drone  
  18  1:28  Drone  
  19  1:39  Drone  
  20  1:49  Drone  
  21  2:00  Queen x2  
  25  2:01  Zergling x4  
  27  2:11  Zergling x2  
  27  2:12  Overlord  
  28  2:20  Extractor  
  28  2:33  Extractor  
  28  2:40  Drone  
  28  2:42  Drone, Roach Warren  
  29  2:45  Extractor  
  29  2:49  Queen  
  30  2:56  Overlord  
  30  2:57  Drone  
  32  3:07  Hatchery  
  32  3:10  Overlord  
  31  3:24  Roach x5  
  41  3:27  Roach  
  43  3:35  Drone x3  
  46  3:43  Overlord  
  46  3:44  Drone  
  47  3:53  Overlord  
  47  3:55  Drone x2  
  47  3:58  Drone  
  50  4:05  Drone x2  
  53  4:17  Ravager x2  
  53  4:21  Drone x6  
  59  4:29  Ravager  
  59  4:30  Drone x2  
  58  4:43  Overlord  
  58  4:44  Drone x5  
  63  4:51  Overlord  
  63  4:52  Drone  
  60  4:53  Metabolic Boost  
  60  5:02  Drone  
  60  5:04  Extractor  
  60  5:05  Extractor  
  60  5:06  Extractor, Drone x4  
  62  5:10  Lair  
  62  5:13  Drone  
  63  5:20  Drone x2  
  65  5:26  Queen  
  67  5:29  Evolution Chamber  
  67  5:30  Drone x5, Evolution Chamber  
  71  5:38  Drone x3  
  73  5:44  Baneling Nest  
  71  5:51  Drone x4  
  73  6:05  Drone x7  
  73  6:09  Zerg Ground Armor Level 1  
  80  6:12  Queen  
  80  6:16  Overlord  
  82  6:25  Overlord  
  82  6:28  Extractor  
  82  6:29  Extractor  
  82  6:30  Zerg Melee Weapons Level 1  
  82  6:32  Centrifical Hooks  
  80  6:36  Drone x5  
  80  6:37  Spore Crawler, Drone x2  
  86  6:45  Overlord  
  86  6:46  Zergling x4  
  86  6:47  Zergling x6  
  90  6:48  Hatchery  
  89  7:05  Drone  
  89  7:07  Hydralisk Den, Overlord  
  89  7:09  Zergling x10  
  89  7:12  Baneling x7  
  89  7:13  Baneling x3  
  94  7:16  Overseer  
  94  7:29  Zergling x28  
  96  7:46  Zergling x2  
  96  7:47  Zergling x4  
  86  8:04  Zergling x8  
  83  8:06  Queen x2  
  83  8:07  Queen x2  
  83  8:12  Drone x3  
  94  8:14  Muscular Augments  
  94  8:19  Baneling x5  
  94  8:20  Baneling x2  
  94  8:28  Roach x2  
  94  8:33  Zergling x10  
  102  8:35  Baneling  
  102  8:36  Baneling x11  
  95  8:42  Zergling x2  
  95  8:43  Zergling x4  
  84  8:57  Zergling x12  
  85  9:06  Baneling x6  
  85  9:09  Roach, Ravager x2  
  86  9:10  Hatchery  
  86  9:11  Zergling x4  
  86  9:14  Infestation Pit  
  86  9:15  Zergling x2  
  86  9:16  Zergling x2  
  83  9:27  Hydralisk  
  83  9:28  Hydralisk x3  
  89  9:36  Zergling x10  
Show
View Real Time Build Order
Export as new Build Order

Special Terran - Winner!

Build Orders: Liberator Opening, Reaper Expand 

Get SALT Encoding   

  12  0:01  SCV  
  13  0:13  SCV  
  14  0:18  Supply Depot  
  14  0:25  SCV  
  15  0:39  SCV  
  15  0:41  Barracks  
  16  0:44  Refinery  
  16  0:51  SCV  
  17  1:03  SCV  
  18  1:16  SCV  
  19  1:29  Orbital Command, Reaper  
  20  1:40  Command Center  
  20  1:51  Supply Depot  
  20  1:56  SCV  
  21  2:01  Marine  
  21  2:07  Factory  
  22  2:09  SCV  
  23  2:17  Refinery  
  23  2:23  Barracks Reactor  
  23  2:24  SCV  
  24  2:33  Engineering Bay  
  24  2:36  SCV  
  25  2:48  SCV  
  26  2:54  Starport  
  26  2:55  Orbital Command  
  26  3:00  SCV  
  29  3:06  Hellion x2  
  29  3:10  Marine  
  32  3:13  SCV  
  32  3:16  Liberator  
  33  3:22  SCV  
  33  3:25  SCV  
  33  3:26  Supply Depot  
  37  3:27  Hellion x2  
  42  3:36  Barracks Tech Lab  
  42  3:38  SCV x2  
  44  3:49  Supply Depot  
  44  3:50  SCV x2  
  46  3:59  Bunker  
  46  4:02  SCV x2  
  48  4:06  Marine x2  
  48  4:07  Siege Tank  
  53  4:10  Liberator  
  53  4:14  SCV x2  
  53  4:16  Supply Depot  
  49  4:26  Marine x2, SCV  
  54  4:32  SCV  
  53  4:41  SCV  
  53  4:45  Command Center  
  53  4:54  SCV  
  53  4:55  Supply Depot  
  53  4:57  SCV  
  53  5:06  SCV  
  54  5:07  Barracks Tech Lab  
  54  5:09  Supply Depot  
  54  5:10  Barracks  
  54  5:13  Starport Reactor  
  54  5:17  SCV, Siege Tank  
  54  5:18  SCV, Barracks  
  58  5:25  Supply Depot x2  
  58  5:27  Marine, Stimpack  
  59  5:29  SCV  
  59  5:30  SCV  
  61  5:36  Engineering Bay x2  
  61  5:41  SCV  
  62  5:46  Marine, SCV  
  62  5:48  Supply Depot, Refinery  
  62  5:49  Refinery  
  64  5:53  SCV  
  64  5:55  Siege Tank  
  65  5:59  Starport Reactor  
  65  6:04  Marine x3  
  65  6:05  Orbital Command  
  65  6:09  SCV  
  65  6:10  SCV  
  70  6:11  Terran Infantry Weapons Level 1  
  70  6:14  Marine x2  
  72  6:20  Barracks  
  72  6:21  Supply Depot, Terran Infantry Armor Level 1  
  72  6:22  Marine x3, Barracks  
  72  6:23  SCV  
  72  6:24  SCV  
  77  6:32  Marine x2  
  79  6:36  Medivac  
  79  6:37  Medivac  
  79  6:38  Orbital Command  
  83  6:40  Marine x3  
  83  6:41  SCV  
  87  6:47  SCV  
  87  6:49  Marine  
  87  6:50  Marine  
  90  6:57  Marine x2, Siege Tank  
  90  6:58  Marine, SCV  
  90  7:00  SCV  
  98  7:04  Supply Depot  
  98  7:05  SCV  
  98  7:07  Marine x2  
  101  7:08  Barracks Reactor  
  101  7:09  Combat Shield, Barracks, Barracks Reactor  
  101  7:10  Barracks  
  101  7:12  Barracks  
  101  7:13  SCV  
  102  7:15  Marine  
  102  7:16  Marine x2  
  102  7:20  Medivac  
  107  7:24  SCV  
  107  7:25  SCV, Marine x2  
  107  7:28  SCV  
  112  7:33  Supply Depot, Armory  
  112  7:36  Marine  
  113  7:42  Marine x2  
  113  7:43  Marine x2, SCV  
  114  7:46  Marine  
  114  7:48  SCV, Marine x2  
  117  7:52  Supply Depot  
  117  7:53  SCV, Supply Depot  
  117  7:54  Marine x2  
  117  7:58  Siege Tank  
  117  8:00  SCV  
  117  8:02  Marine  
  117  8:04  Marine  
  117  8:05  Marine x2  
  114  8:08  Marine x2  
  114  8:11  Barracks Reactor x2  
  115  8:13  SCV  
  115  8:14  Supply Depot  
  115  8:15  Supply Depot  
  115  8:16  Supply Depot, Barracks Reactor  
  115  8:18  Marine  
  115  8:19  Marine x2  
  119  8:26  Marine  
  120  8:29  Marine x2  
  120  8:32  Marine  
  123  8:35  Marine  
  123  8:37  Siege Tank  
  123  8:38  Marine  
  123  8:39  Marine  
  118  8:41  Marine  
  118  8:42  Marine  
  118  8:44  Marine  
  118  8:47  Marine x3  
  118  8:48  Marine  
  124  8:49  Marine x2  
  124  8:50  Medivac  
  116  8:56  Marine x2  
  116  8:57  Marine x2  
  116  8:58  Marine x2  
  116  8:59  Marine  
  116  9:00  Marine  
  116  9:02  Marine  
  121  9:05  Marine  
  121  9:07  Marine x2  
  121  9:09  Marine x2  
  125  9:10  Marine, Command Center  
  125  9:14  Marine x2  
  125  9:15  Marine, Medivac  
  125  9:17  Marine x3  
  132  9:20  Marine x2, Medivac, Siege Tank  
  132  9:21  Marine  
  138  9:25  Marine x2  
  138  9:27  Marine  
  138  9:28  Marine x3  
  140  9:32  Marine x2  
  140  9:33  Marine  
  140  9:34  Marine  
  140  9:35  Marine x2  
Tags
 
Add a new tag
Caveats
  • Supply blocks, unpowered buildings, or Contaminate may cause inaccurate times.
  • Supply counts are checked every 10 seconds.